 Dungeon Crawl Stone Soup version 0.29-a0-88-g03a7b78be7 (webtiles) character file.

Game seed: 4948737916646959637

202 lordive the Sneak (level 5, -3/25 HPs)
             Began as a Spriggan Enchanter on Feb 6, 2022.
             Slain by enile's ghost (6 damage)
             ... on level 4 of the Dungeon.
             The game lasted 00:06:07 (3442 turns).

lordive the Sneak (Spriggan Enchanter)              Turns: 3442, Time: 00:06:08

Health: -3/25      AC:  2    Str:  4    XL:     5   Next: 50%
Magic:  11/12      EV: 17    Int: 19    God:
Gold:   129        SH:  0    Dex: 15    Spells: 4/12 levels left

rFire   . . .      SeeInvis +   a - +1 dagger
rCold   . . .      Faith    .   (no shield)
rNeg    . . .      Spirit   .   b - +0 robe
rPois   .          Reflect  .   (helmet restricted)
rElec   .          Harm     .   (no cloak)
rCorr   .          Rampage  .   (gloves unavailable)
Will    .....                   (boots unavailable)
Stlth   +++.......              (no amulet)
HPRegen 0.08/turn               (no ring)
MPRegen 0.13/turn               (no ring)

@: lethally poisoned (-3 -> -8), flying, very quick
A: very small, no large weapons, unfitting armour, see invisible, speed 3
a: no special abilities


You were on level 4 of the Dungeon.
You visited 1 branch of the dungeon, and saw 4 of its levels.

You collected 129 gold pieces.

Inventory:

Hand Weapons
 a - a +1 dagger (weapon)
Armour
 b - a +0 robe (worn)
Wands
 i - a wand of paralysis (12)
Scrolls
 e - a scroll of immolation {unknown}
 f - 4 scrolls of amnesia {unknown}
 g - a scroll of enchant armour {unknown}
 l - a scroll of torment {unknown}
Potions
 c - a potion of invisibility
 j - a potion of brilliance {unknown}
 k - a potion of degeneration {unknown}
 m - a potion of haste {unknown}


   Skills:
 + Level 0.3 Fighting
 + Level 1.6 Short Blades
 + Level 2.8 Dodging
 + Level 6.7 Stealth
 + Level 4.1 Spellcasting
 + Level 4.3 Hexes
 + Level 1.6 Ice Magic


You had 4 spell levels left.
You knew the following spells:

 Your Spells              Type           Power      Damage    Failure   Level
a - Ensorcelled Hibernat  Hex/Ice        30%        N/A       6%          2
b - Confusing Touch       Hex            20%        N/A       7%          3
c - Tukima's Dance        Hex            20%        N/A       7%          3

Your spell library contained the following spells:

 Spells                   Type           Power      Damage    Failure   Level
 Dazzling Flash           Conj/Hex       24%        N/A       17%         3
 Sublimation of Blood     Necr           3%         N/A       21%         2
 Wereblood                Tmut           3%         N/A       21%         2
 Silence                  Hex/Air        6%         N/A       83%         5
 Agony                    Necr           3%         N/A       98%         5
 Summon Hydra             Summ           1%         N/A       100%        7


Dungeon Overview and Level Annotations

Branches:
Dungeon (4/15)
 Temple: D:4-7

Altars:
Trog

Annotations:
D:4 enile's ghost, novice GnWn


Innate Abilities, Weirdness & Mutations

You are very small and have problems with some larger weapons.
You are too small for most types of armour.
You have supernaturally acute eyesight. (SInv)
You cover ground extremely quickly. (Speed+++)


Message History

You hit enile's ghost but do no damage.
Enile's ghost is moderately damaged.
You feel sick. Enile's ghost closely misses you.
You are too injured to fight recklessly!
You hit enile's ghost.
Enile's ghost is moderately damaged.
You feel sick.
You feel sick.
You hit enile's ghost.
Enile's ghost is moderately damaged.
You feel sick. Enile's ghost hits you.
* * * LOW HITPOINT WARNING * * *
You are more poisoned.
It was a potion of curing.
You feel better.
You hit enile's ghost but do no damage.
Enile's ghost is moderately damaged.
You hit enile's ghost but do no damage.
Enile's ghost is moderately damaged.
You catch the helpless enile's ghost completely off-guard!
You puncture enile's ghost!
Enile's ghost is heavily damaged.
Enile's ghost completely misses you.
You catch the helpless enile's ghost completely off-guard!
You puncture enile's ghost!
Enile's ghost is almost destroyed.
Enile's ghost hits you.
* * * LOW HITPOINT WARNING * * *
You are lethally poisoned!
You feel better.
Enile's ghost seems less confused.
Enile's ghost hits you.
* * * LOW HITPOINT WARNING * * *
You are lethally poisoned!
Okay, then.
* * * LOW HITPOINT WARNING * * *
You feel sick.
It was a potion of flight.
You feel very buoyant.
You fly up into the air.
* * * LOW HITPOINT WARNING * * *
You feel sick. Enile's ghost hits you.
You die...

≈?≈≈≈≈†.# #.# ########.#
###.# #........# ###.#.####
.<.......###..<.....######...
.........+.................).
.........###.....##.######...
#.......## #.#...##.#
##.....## #.##.###.# ##...##
#....@W..# ##'## ####.#####
#†# #.# #.# #.# ###.### #.#
#.....# #.# ##.....### #.#
.........######.#
###..#...W......#


You could see enile's ghost.

Vanquished Creatures
  A bullfrog (D:4)
  Terence (D:2)
  An iguana (D:3)
  2 adders
  2 worms (D:2)
  3 dart slugs
  4 endoplasms
  2 giant cockroaches
  5 hobgoblins
  A quokka (D:4)
  5 ball pythons
  5 bats
  5 frilled lizards
  7 goblins
  5 kobolds
  6 rats
55 creatures vanquished.

Notes
Turn   | Place    | Note
-------+----------+-------------------------------------------
     0 | D:1      | lordive the Spriggan Enchanter began the quest for the Orb.
     0 | D:1      | Reached XP level 1. HP: 9/9 MP: 5/5
   302 | D:1      | Reached XP level 2. HP: 13/13 MP: 7/7
   583 | D:1      | Found a faded altar of an unknown god.
   840 | D:2      | Learned a level 2 spell: Ensorcelled Hibernation
  1082 | D:2      | Reached skill level 5 in Stealth
  1411 | D:2      | Reached XP level 3. HP: 16/16 MP: 0/8
  1529 | D:2      | Learned a level 3 spell: Confusing Touch
  1533 | D:2      | Learned a level 3 spell: Tukima's Dance
  2317 | D:2      | Noticed Terence
  2319 | D:2      | Killed Terence
  2320 | D:2      | Reached skill level 1 in Ice Magic
  2320 | D:2      | Reached XP level 4. HP: 21/21 MP: 8/10
  3001 | D:3      | Reached skill level 6 in Stealth
  3112 | D:3      | Found a bloodstained altar of Trog.
  3286 | D:4      | Found a runed translucent door.
  3286 | D:4      | Noticed a bullfrog
  3297 | D:4      | Noticed enile's ghost (novice GnWn)
  3306 | D:4      | Killed a bullfrog
  3307 | D:4      | Reached XP level 5. HP: 18/25 MP: 3/12
  3442 | D:4      | Slain by enile's ghost

Illustrated notes

Levels and vault maps discovered:
D:1:      wander_arrival_fairy_ring, layout_loops_ring,
          dreamdust_ecumenical_altar_hidden_monk_grotto, minivault_26
D:2:      layout_basic, minmay_fractal_squares_5, uniq_terence
D:3:      layout_rooms, nicolae_overflow_hidden_temple
D:4:      layout_loops_corners, jmf_multi_god_temple2, ebering_ghost_sewer_d,
          minmay_misc_feat_nine_boxes, uniq_menkaure, uniq_grinder,
          uniq_eustachio, uniq_sigmund

Skill      XL: |  1  2  3  4 |
---------------+-------------+-----
Spellcasting   | 3 4 |  4.1
Stealth        | 5 6 |  6.7
Hexes          | 4 |  4.3
Ice Magic      | 1 |  1.6
Fighting       | |  0.3
Short Blades   | |  1.6
Dodging        | |  2.8

Action                   |  1- 3 |  4- 6 || total
-------------------------+-------+-------++-------
Melee: Dagger            |    63 |    36 ||    99
       Punch             |     1 |       ||     1
 Cast: Ensorcelled Hiber |    31 |    19 ||    50
       Confusing Touch   |       |     1 ||     1
  Use: Potion            |       |     3 ||     3
 Stab: Sleeping          |    24 |    20 ||    44
       Confused          |       |     3 ||     3
Armor: Robe              |     8 |     1 ||     9
Dodge: Dodged            |    52 |    22 ||    74

Table legend: (Time is in decaauts)
 A = Elapsed time spent in this place.
 B = Non-inter-level travel time spent in this place.
 C = Inter-level travel time spent in this place.
 D = Time resting spent in this place.
 E = Time spent auto-exploring this place.
 F = Levels seen in this place.
 G = Mean time per level.
                   A        B        C        D        E       F      G
               +--------+--------+--------+--------+--------+-----+--------+
         Total |   2620 |   2567 |     53 |     64 |   1950 |   4 |  655.0 |
       Dungeon |   2620 |   2567 |     53 |     64 |   1950 |   4 |  655.0 |
               +--------+--------+--------+--------+--------+-----+--------+

Top non-repeatable levels by time:
     D:2: 1517 daAuts
     D:1: 558 daAuts
     D:3: 442 daAuts
     D:4: 102 daAuts
